 Dungeon Crawl Stone Soup version 0.29-a0-334-gb41bcbb86e (webtiles) character file.

Game seed: 13149030751576005185

498 rageheart7 the Chopper (level 7, -9/66 HPs)
             Began as a Hill Orc Abyssal Knight on Apr 14, 2022.
             Was an Elder of Lugonu.
             Mangled by Duvessa
             ... wielding a +0 short sword
              (12 damage)
             ... on level 4 of the Dungeon.
             The game lasted 00:04:43 (4051 turns).

rageheart7 the Chopper (Hill Orc Abyssal Knight)    Turns: 4051, Time: 00:04:44

Health: -9/66      AC:  5    Str: 18    XL:     7   Next: 16%
Magic:  8/8        EV: 11    Int: 10    God:    Lugonu [****..]
Gold:   124        SH:  0    Dex: 11    Spells: 6/6 levels left

rFire   . . .      SeeInvis +   a - +2 hand axe (flame)
rCold   . . .      Faith    .   (no shield)
rNeg    . . .      Spirit   .   b - +1 leather armour
rPois   .          Reflect  .   (no helmet)
rElec   .          Harm     .   j - +0 cloak
rCorr   .          Rampage  .   (no gloves)
Will    .....                   (no boots)
Stlth   +.........              (no amulet)
HPRegen 0.21/turn               i - ring of flight
MPRegen 0.11/turn               k - ring of see invisible

@: about to teleport, flying, invisible
A: no striking features
a: Renounce Religion, Depart the Abyss, Bend Space, Banish, Corrupt


You were on level 4 of the Dungeon.
You worshipped Lugonu.
Lugonu was greatly pleased with you.
You visited 1 branch of the dungeon, and saw 4 of its levels.
You visited the Abyss 1 time.

You collected 124 gold pieces.

Inventory:

Hand Weapons
 a - a +2 hand axe of flaming (weapon)
Missiles
 p - 5 javelins (quivered)
Armour
 b - a +1 leather armour (worn)
 j - a +0 cloak (worn)
Jewellery
 i - a ring of flight (left hand)
 k - a ring of see invisible (right hand)
Scrolls
 c - 2 scrolls of teleportation
 h - a scroll of enchant weapon
 l - a scroll of immolation
 m - 2 scrolls of identify
Potions
 e - a potion of might {unknown}
 f - 2 potions of attraction
 g - a potion of brilliance {unknown}
 n - a potion of flight {unknown}


   Skills:
 * Level 7.1 Fighting
 * Level 7.2 Axes
 - Level 2.2 Armour
 - Level 0.8 Dodging
 - Level 2.5 Invocations


You had 6 spell levels left.
You didn't know any spells.
Your spell library contained the following spells:

 Spells                   Type           Power      Damage    Failure   Level
 Beastly Appendage        Tmut           0%         N/A       41%         1
 Wereblood                Tmut           0%         N/A       56%         2
 Gell's Gravitas          Tloc           0%         N/A       80%         3
 Lesser Beckoning         Tloc           0%         N/A       80%         3
 Spider Form              Tmut/Pois      0%         N/A       80%         3
 Teleport Other           Tloc           0%         N/A       80%         3


Dungeon Overview and Level Annotations

Branches:
Dungeon (4/15)
 Temple: D:4-7

Altars:
Ashenzari
Gozag
Makhleb
Qazlal
Ru
Wu Jian
Xom

Shops:
D:2 ?:*   D:4 ?

Annotations:
D:4 Duvessa


Message History

Dowan is severely wounded.
Duvessa throws a stone.
The stone hits you. Dowan gestures at you while chanting.
The puff of frost hits you!
You hit Dowan. You burn Dowan.
Dowan is almost dead.
Dowan mumbles some strange words.
Dowan blinks!
Duvessa attacks as you move away! Duvessa hits you but does no damage.
Dowan hits you with a +0 dagger.
You closely miss Dowan.
Dowan is almost dead.
You hit Duvessa but do no damage. Duvessa hits you with a +0 short sword!
* * * LOW HITPOINT WARNING * * *
Dowan casts a spell.
Dowan blinks!
Unknown command.
Duvessa throws a stone.
The stone barely misses you.
The stone hits Dowan.
Dowan dies!
Duvessa screams in horror.
Duvessa goes berserk!
Duvessa rages.
You feel much better. Duvessa hits you with a +0 short sword!
You fade into invisibility!
Duvessa hits you with a +0 short sword. Duvessa barely misses you.
Duvessa misses you. Duvessa misses you. Duvessa hits you with a +0 short sword.
Duvessa rages.
Duvessa barely misses you. Duvessa hits you with a +0 short sword.
* * * LOW HITPOINT WARNING * * *
Duvessa hits you with a +0 short sword!
* * * LOW HITPOINT WARNING * * *
As you read the scroll of teleportation, it crumbles to dust.
You feel strangely unstable. Duvessa hits you with a +0 short sword.
* * * LOW HITPOINT WARNING * * *
Duvessa hits you with a +0 short sword!
You die...

_.≈§≈§...#......## #.._#_..#
..≈.≈............####..#..##
≈≈.§≈..##...>.##.##.'#.#.#'.
....≈...##....##.##..### #..####
≈≈≈≈≈..........#..#.## #(...#
............#.......### ####.##
##..........##........### #....#
#....................#.## #....#
##..............@........# #....#
#........###.##>.e..##..####....#
..............#.....##....##.....
...........................#...##
###.........#..................##
#......##..##...................#
#......###.#.....................
.......##...........##........)..
.......##................###.....


You could see Duvessa (berserk, can't see you).

Vanquished Creatures
  A black bear (D:4)
  A necrophage (D:3)
  A scorpion (D:4)
  A hound (D:4)
  2 iguanas (D:3)
  7 adders
  3 worms
  3 dart slugs
  9 orcs (D:4)
  7 endoplasms
  2 giant cockroaches
  4 goblins
  8 hobgoblins
  8 jackals
  5 kobolds
  A quokka (D:4)
  3 ball pythons (D:2)
  5 bats
  12 frilled lizards
  7 rats
90 creatures vanquished.

Vanquished Creatures (others)
  Dowan (D:4)
  7 plants (D:3)
8 creatures vanquished.

Grand Total: 98 creatures vanquished

Notes
Turn   | Place    | Note
-------+----------+-------------------------------------------
     0 | Abyss:1  | rageheart7 the Hill Orc Abyssal Knight began the quest for
                  | the Orb.
     0 | Abyss:1  | Reached XP level 1. HP: 19/19 MP: 2/2
     0 | Abyss:1  | Found a corrupted altar of Lugonu.
    68 | Abyss:1  | Found a corrupted altar of Lugonu.
    91 | Abyss:1  | Noticed a starcursed mass
    92 | D:1      | Escaped the Abyss
   260 | D:1      | Reached ** piety under Lugonu
   292 | D:1      | Reached XP level 2. HP: 23/27 MP: 3/3
  1016 | D:1      | Reached XP level 3. HP: 31/33 MP: 4/4
  1372 | D:2      | Reached XP level 4. HP: 31/41 MP: 5/5
  1618 | D:2      | Found Ligom's Book Shop.
  1636 | D:2      | Reached *** piety under Lugonu
  1746 | D:2      | Found Xaleijod's Assorted Antiques.
  1852 | D:2      | Found Pasij's Magic Scroll Shop.
  2015 | D:3      | Reached skill level 5 in Fighting
  2061 | D:3      | Reached XP level 5. HP: 34/48 MP: 6/6
  2064 | D:3      | Reached skill level 5 in Axes
  2241 | D:3      | Found an ornate altar of the Wu Jian Council.
  2398 | D:3      | Found a broken altar of Ashenzari.
  2402 | D:3      | Saw a vision of the Swamp and the Spider Nest.
  2402 | D:3      | Noticed a goliath frog
  2402 | D:3      | Noticed a will-o-the-wisp
  2402 | D:3      | Noticed an alligator
  2402 | D:3      | Noticed a wolf spider
  2402 | D:3      | Noticed a hornet
  2402 | D:3      | Noticed a redback
  2402 | D:3      | Noticed a redback
  2402 | D:3      | Noticed a redback
  2402 | D:3      | Noticed a redback
  2402 | D:3      | Noticed a wolf spider
  2402 | D:3      | Noticed a wolf spider
  2906 | D:4      | Found Esyr's Magic Scroll Emporium.
  2928 | D:3      | Reached XP level 6. HP: 5/57 MP: 7/7
  3504 | D:4      | Found an opulent altar of Gozag.
  3526 | D:4      | Reached **** piety under Lugonu
  3662 | D:4      | Found a stormy altar of Qazlal.
  3663 | D:4      | Found a shimmering altar of Xom.
  3663 | D:4      | Found a sacrificial altar of Ru.
  3673 | D:4      | Found a burning altar of Makhleb.
  3733 | D:4      | Noticed a black bear
  3747 | D:4      | Killed a black bear
  3748 | D:4      | Reached XP level 7. HP: 41/66 MP: 8/8
  4017 | D:4      | Noticed Dowan
  4019 | D:4      | Noticed Duvessa
  4033 | D:4      | Killed Dowan
  4051 | D:4      | HP: 3/66 [Duvessa/+0 short sword (4)]
  4051 | D:4      | Mangled by Duvessa

Illustrated notes

Levels and vault maps discovered:
D:1:      dpeg_arrival_line_fractal, layout_loops_ring
D:2:      layout_rooms, serial_shops, shop, nicolae_shop_stone,
          nicolae_diamond_shop
D:3:      layout_loops_ring, lemuel_tele_altar, grunt_ashenzari_visionary
          [grunt_ashenzari_visionary_swamp, grunt_ashenzari_visionary_spider],
          minmay_lizard_king
D:4:      layout_cave_pools, nicolae_overflow_quartered_altars,
          mainiacjoe_overflow_concentric_impassable, serial_shops, shop,
          uniq_duvessa

Skill      XL: |  1  2  3  4  5  6 |
---------------+-------------------+-----
Axes           | 3 4 6 7 |  7.2
Fighting       | 4 5 6 7 |  7.1
Armour         | |  2.2
Dodging        | |  0.8
Invocations    | |  2.5

Action                   |  1- 3 |  4- 6 |  7- 9 || total
-------------------------+-------+-------+-------++-------
Melee: Hand axe          |    95 |   140 |     6 ||   241
       Punch             |     1 |     2 |       ||     3
Throw: Javelin           |       |     1 |     1 ||     2
Invok: Depart the Abyss  |     1 |       |       ||     1
  Use: Scroll            |     3 |     6 |     1 ||    10
       Potion            |     3 |       |     2 ||     5
 Stab: Invisible         |     1 |       |       ||     1
Armor: Leather armour    |    18 |    52 |     1 ||    71
       Skin              |    10 |       |       ||    10
Dodge: Dodged            |    51 |    85 |     8 ||   144

Table legend: (Time is in decaauts)
 A = Elapsed time spent in this place.
 B = Non-inter-level travel time spent in this place.
 C = Inter-level travel time spent in this place.
 D = Time resting spent in this place.
 E = Time spent auto-exploring this place.
 F = Levels seen in this place.
 G = Mean time per level.
                   A        B        C        D        E       F      G
               +--------+--------+--------+--------+--------+-----+--------+
         Total |   4067 |   3975 |     92 |      0 |   3376 |   5 |  813.4 |
       Dungeon |   3975 |   3883 |     92 |      0 |   3286 |   4 |  993.8 |
         Abyss |     92 |     92 |      0 |      0 |     90 |   1 |   92.0 |
               +--------+--------+--------+--------+--------+-----+--------+

Top non-repeatable levels by time:
     D:3: 1208 daAuts
     D:1: 1014 daAuts
     D:2: 900 daAuts
     D:4: 852 daAuts
 Abyss:1: 92 daAuts
